 Dungeon Crawl Stone Soup version 0.31-a0-889-g1a8549509d (webtiles) character file.

Game seed: 6946609526178876197

56466 TheGamechu the Warrior (level 14, -6/122 HPs)
             Began as a Minotaur Fighter on Oct 16, 2023.
             Was a High Priest of Hepliaklqana.
             Mangled by an orc knight
             ... wielding a +0 great mace
              (20 damage)
             ... on level 12 of the Dungeon.
             The game lasted 00:55:35 (18643 turns).

TheGamechu the Warrior (Minotaur Fighter)          Turns: 18643, Time: 00:55:36

Health: -6/122     AC: 22    Str: 25    XL:     14   Next: 42%
Magic:  16/17      EV:  7    Int:  5    God:    Hepliaklqana [*****.]
Gold:   1017       SH: 10    Dex: 11    Spells: 13/13 levels left

rFire   . . .        u - +1 war axe (flame)
rCold   + . .        y - +0 kite shield
rNeg    . . .        v - +0 plate armour
rPois   .            T - +2 hat
rElec   .            A - +0 cloak
rCorr   +            G - +0 pair of gloves
SInv    .            O - +0 pair of boots
Will    +....        k - amulet of the acrobat Stlth
                     n - ring of resist corrosion
HPRegen 0.40/turn    a - ring of protection from cold
MPRegen 0.15/turn

%: acrobat
@: no status effects
A: reduced essence, horns 2, retaliatory headbutt
a: Renounce Religion, Recall Ancestor, Ancestor Identity, Transference, Idealise


You were on level 12 of the Dungeon.
You worshipped Hepliaklqana.
Hepliaklqana was extremely pleased with you.
You visited 4 branches of the dungeon, and saw 19 of its levels.
You also visited: Sewer.

You collected 1350 gold pieces.
You spent 333 gold pieces at shops.

Inventory:

Hand Weapons
 u - a +1 war axe of flaming (weapon)
 z - the +9 rapier of Cixonaqi {protect, rF+ rC+ Dex+3 SInv}
   (You found it on level 9 of the Dungeon)

   Dex+3:     It affects your dexterity (+3).
   rF+:       It protects you from fire.
   rC+:       It protects you from cold.
   SInv:      It lets you see invisible.
Missiles
 b - 26 poisoned darts
 f - 12 javelins
 g - 210 stones
 l - 5 boomerangs (quivered)
 B - a curare-tipped dart
 I - 4 darts of dispersal
Armour
 v - a +0 plate armour (worn)
 y - a +0 kite shield (worn)
 A - a +0 cloak (worn)
 G - a +0 pair of gloves (worn)
 O - a +0 pair of boots (worn)
 T - a +2 hat (worn)
Jewellery
 a - a ring of protection from cold (right hand)
 k - an amulet of the acrobat (around neck)
 m - an amulet of faith
 n - a ring of resist corrosion (left hand)
 K - a +5 ring of evasion
 X - a ring of flight
Wands
 s - a wand of iceblast (11)
 D - a wand of light (9)
 E - a wand of flame (13)
 J - a wand of charming (11)
 M - a wand of mindburst (7)
Scrolls
 p - 5 scrolls of teleportation
 r - 3 scrolls of enchant armour
 x - a scroll of fear
 C - 3 scrolls of silence
 F - 2 scrolls of poison
 L - a scroll of brand weapon
 S - a scroll of identify
 U - a scroll of fog
 W - a scroll of enchant weapon {unknown}
Potions
 c - 3 potions of resistance
 d - 2 potions of might
 e - 6 potions of curing
 h - 4 potions of lignification
 i - 4 potions of ambrosia
 j - 4 potions of haste
 o - 3 potions of enlightenment
 q - 3 potions of berserk rage
 t - 3 potions of heal wounds
 w - 2 potions of invisibility
 H - a potion of brilliance
 P - a potion of magic
 R - a potion of mutation {unknown}
 V - a potion of attraction
Miscellaneous
 N - a phial of floods
 Q - a lightning rod (3/4)


   Skills:
 + Level 15.7 Fighting
 + Level 15.5 Axes
 + Level 10.0 Throwing
 + Level 13.5 Armour
 - Level 8.0 Shields
 - Level 6.0 Invocations
 - Level 6.0 Evocations


You had 13 spell levels left.
You didn't know any spells.
Your spell library contained the following spells:

 Spells                   Type           Power      Damage    Failure   Level
 Foxfire                  Conj/Fire      0%         2x1d4     100%        1
 Magic Dart               Conj           0%         1d3       100%        1
 Cigotuvi's Dreadful Rot  Necr/Pois/Air  0%         N/A       100%        2
 Searing Ray              Conj           0%         2d4       100%        2
 Wereblood                Tmut           0%         N/A       100%        2
 Call Canine Familiar     Summ           0%         N/A       100%        3
 Dazzling Flash           Conj/Hex       0%         N/A       100%        3
 Ignite Poison            Fire/Tmut/Pois 0%         N/A       100%        3
 Sigil of Binding         Hex            0%         N/A       100%        3
 Tukima's Dance           Hex            0%         N/A       100%        3
 Volatile Blastmotes      Fire/Tloc      0%         2d10      100%        3
 Animate Dead             Necr           0%         N/A       100%        4
 Dimensional Bullseye     Hex/Tloc       0%         N/A       100%        4
 Fulminant Prism          Conj/Hex       0%         3d5       100%        4
 Leda's Liquefaction      Hex/Erth       0%         N/A       100%        4
 Passage of Golubria      Tloc           0%         N/A       100%        4
 Agony                    Necr           0%         N/A       100%        5
 Freezing Cloud           Conj/Ice/Air   0%         6-21      100%        5
 Irradiate                Conj/Tmut      0%         3d11      100%        5
 Silence                  Hex/Air        0%         N/A       100%        5
 Yara's Violent Unravell  Hex/Tmut       0%         3d3       100%        5
 Plasma Beam              Fire/Air       0%         2x1d10    100%        6
 Starburst                Conj/Fire      0%         6d3       100%        6
 Haunt                    Necr/Summ      0%         N/A       100%        7
 Infestation              Necr           0%         N/A       100%        8
 Maxwell's Capacitive Co  Air            0%         ∞         100%        8


Dungeon Overview and Level Annotations

Branches:
Dungeon (12/15)            Temple (1/1) D:4            Lair (5/5) D:11
 Shoals (0/4) Lair:2       Spider (0/4) Lair:2        Slime (0/5) Lair:4
    Orc (1/2) D:12          Sewer (visited)

Altars:
Ashenzari
Cheibriados
Dithmenos
Elyvilon
Fedhas
Gozag
Hepliaklqana
Kikubaaqudgha
Makhleb
Nemelex Xobeh
Okawaru
Qazlal
Ru
Sif Muna
Trog
Uskayaw
Vehumet
Wu Jian
Xom
Yredelemnul
Zin
The Shining One

Shops:
D:2 *   D:3 *:((   D:7 *   D:8 [   D:10 *

Annotations:
Lair:1 Hi5aMiFi's ghost, novice HOAr
Lair:4 exclusion: 2 oklob plants


Innate Abilities, Weirdness & Mutations

Your life essence is reduced to manifest your ancestor. (-10% HP)
You have a pair of horns on your head.
You reflexively headbutt those who attack you in melee.


Message History

The orc knight hits you with a +0 great mace!
Xochipepe easily resists.
The orc wizard casts a spell at you. You block the puff of flame.
The orc hits the orc knight with a +0 club.
You climb upwards.
Welcome back to the Dungeon!
Reactivating autopickup.
There is a staircase to the Orcish Mines here.
You slash the orc wizard! You burn the orc wizard.
The orc wizard is almost dead.
You slash the orc knight! You burn the orc knight. You slice the orc wizard!!
You burn the orc wizard.
You kill the orc wizard!
You hit the orc knight but do no damage.
The orc knight hits you with a +0 great mace!!
You slash the orc knight! You burn the orc knight.
The orc knight is severely wounded.
You block the orc knight's attack.
Unknown command.
You closely miss the orc knight. Your headbutt misses the orc knight.
The orc knight is severely wounded.
The orc knight hits you with a +0 great mace!!
You hit the orc knight but do no damage.
The orc knight is severely wounded.
The orc knight hits you with a +0 great mace!
You barely miss the orc knight. Your headbutt misses the orc knight.
The orc knight is severely wounded.
You hit the orc knight but do no damage.
Your headbutt misses the orc knight.
The orc knight is severely wounded.
The orc knight hits you but does no damage.
You hit the orc knight. You burn the orc knight.
The orc knight is severely wounded.
The orc knight hits you with a +0 great mace!!
* * * LOW HITPOINT WARNING * * *
You hit the orc knight. You burn the orc knight.
You headbutt the orc knight, but do no damage.
The orc knight is almost dead.
The orc knight hits you with a +0 great mace!!
You die...

#....#.#..###..#...#
#.#.#..............########
#.#.#.###.#####.##........#
#.#.#.# #.# #.##..#####.# #.#.#.#
#.#####.##..# #.# #.#...#
#.......###########
....#.###.#####...8#.....#
.....()............#)....########
>#.#.####.......@o.)[._..#.......
.....# ######.)...#[)...########
...#.##### ##...8#.....#
.........# #..#########
.....#.#.# #.##.#
..#...##.######.##.#
..##.###...........#
..##.##########.##.# ####
..#............^...# #...


You could see an orc knight (strong).

Vanquished Creatures
  2 acid blobs (Lair:4)
  Gastronok (Lair:1)
  The ghost of niangp the Warrior, a journeyman MiBe of Trog (Lair:1)
  The ghost of Akyarph the Slicer, a journeyman DsGl of Uskayaw (Lair:3)
  5 two-headed ogres
  A tengu warrior (D:12)
  Amaemon (Lair:1)
  A lindwurm (Lair:5)
  A cyclops (D:12)
  An oklob plant (Lair:5)
  A manticore (shapeshifter) (D:11)
  A manticore (D:12)
  2 black mambas
  11 elephants
  A torpor snail (Lair:1)
  An orange demon (Lair:1)
  6 cane toads
  2 rime drakes
  4 komodo dragons
  3 kobold demonologists
  Psyche (D:8)
  A tengu conjurer (D:12)
  A troll (Orc:1)
  7 polar bears
  A hornet (D:10)
  A raiju (Lair:5)
  4 dream sheep
  4 blink frogs (Lair:5)
  A vampire (D:12)
  42 yaks
  5 wyverns
  A shadow (D:10)
  4 fire bats (Lair:5)
  3 basilisks
  A steam dragon (D:11)
  A redback (Lair:2)
  Menkaure (D:6)
  5 wargs (Lair:5)
  2 acid dragons (D:10)
  Duvessa (D:4)
  12 hell hounds (Lair:5)
  4 water moccasins
  Pargi (Sewer)
  5 orc warriors
  4 sky beasts
  8 black bears
  3 ice beasts
  21 wolves
  4 centaurs
  A phantom (D:5)
  18 bullfrogs
  2 kobold brigands (D:6)
  A gnoll sergeant (D:5)
  6 scorpions
  10 wights
  Dowan (D:4)
  2 killer bees (D:11)
  A howler monkey (D:6)
  3 jellies
  10 orc priests
  4 hounds
  3 gnoll boudas
  A hexer (D:11)
  3 iguanas
  7 orc wizards
  23 gnolls
  8 adders
  A shadow imp (D:7)
  A white imp (D:6)
  A worm (D:3)
  2 dart slugs
  47 orcs
  9 ball pythons
  7 endoplasms
  2 giant cockroaches
  9 goblins
  10 hobgoblins
  A jackal (D:1)
  23 kobolds
  4 quokkas
  7 bats
  6 frilled lizards
  6 rats
436 creatures vanquished.

Vanquished Creatures (collateral kills)
  An acid blob (Lair:4)
  Urug (Lair:1)
  A skyshark (Lair:5)
  A lindwurm (Lair:4)
  A cyclops (D:12)
  2 black mambas (Lair:4)
  5 elephants
  A torpor snail (Lair:5)
  2 cane toads
  2 komodo dragons (Lair:5)
  A rime drake (Lair:5)
  3 polar bears (Lair:5)
  A hornet (D:10)
  A blink frog (Lair:5)
  2 jumping spiders (Lair:2)
  18 yaks
  A wyvern (Lair:5)
  A shadow (D:11)
  A basilisk (Lair:3)
  2 steam dragons (D:8)
  4 water moccasins
  A warg (Lair:5)
  2 hell hounds (Lair:5)
  2 orc warriors
  6 black bears
  7 wolves
  3 wights
  2 killer bees (D:11)
  5 orc priests
  4 orc wizards
  A sleepcap (D:6)
  An adder (D:6)
  9 orcs
  A butterfly (Lair:4)
96 creatures vanquished.

Vanquished Creatures (others)
  A sky beast (D:8)
  A wolf (Lair:5)
  19 hexers
  An ancestor (D:7)
22 creatures vanquished.

Grand Total: 554 creatures vanquished

Notes
Turn   | Place    | Note
-------+----------+-------------------------------------------
     0 | D:1      | TheGamechu the Minotaur Fighter began the quest for the
                  | Orb.
     0 | D:1      | Reached XP level 1. HP: 19/19 MP: 0/0
   201 | D:1      | Reached XP level 2. HP: 27/27 MP: 1/1
   344 | D:1      | Reached XP level 3. HP: 19/33 MP: 2/2
   898 | D:2      | Found Lova's Assorted Antiques.
   906 | D:2      | Bought a blue potion for 19 gold pieces
  1319 | D:3      | Found Winogav's General Store.
  1322 | D:3      | Bought a scroll of identify for 26 gold pieces
  1334 | D:3      | Found Busong's Book Shoppe.
  1449 | D:3      | Found Puregik's Weapon Emporium.
  1553 | D:3      | Reached XP level 4. HP: 40/41 MP: 3/3
  1699 | D:3      | Found Doneo's Weapon Boutique.
  1901 | D:4      | Noticed an orc warrior
  1917 | D:4      | Reached skill level 1 in Throwing
  1926 | D:4      | Reached XP level 5. HP: 28/47 MP: 4/4
  2108 | D:4      | Found a basalt altar of Yredelemnul.
  2199 | D:4      | Found a glowing drain.
  2208 | Sewer    | Entered a sewer
  2273 | Sewer    | Noticed Pargi
  2276 | Sewer    | Killed Pargi
  2277 | Sewer    | Reached skill level 5 in Fighting
  2277 | Sewer    | Reached skill level 5 in Armour
  2391 | D:3      | Bought a +1 war axe of flaming for 133 gold pieces
  2444 | D:5      | Entered Level 5 of the Dungeon
  2453 | D:5      | Reached XP level 6. HP: 56/56 MP: 5/5
  2455 | D:5      | Noticed an ice beast
  2461 | D:5      | Killed an ice beast
  2618 | D:5      | Reached skill level 5 in Axes
  2618 | D:5      | Reached XP level 7. HP: 62/62 MP: 6/6
  2910 | D:4      | Found a staircase to the Ecumenical Temple.
  2916 | D:4      | You fall into a shaft and drop 1 floor!
  2965 | Temple   | Entered the Ecumenical Temple
  2987 | Temple   | Became a worshipper of Hepliaklqana the Forgotten
  3036 | D:4      | Noticed Dowan
  3037 | D:4      | Noticed Duvessa
  3046 | D:4      | Killed Duvessa
  3050 | D:4      | Killed Dowan
  3279 | D:4      | Reached XP level 8. HP: 66/71 MP: 7/7
  4296 | D:6      | Reached skill level 5 in Shields
  4416 | D:6      | Found an opulent altar of Gozag.
  4500 | D:6      | Noticed Menkaure
  4503 | D:6      | Killed Menkaure
  4504 | D:6      | Reached XP level 9. HP: 73/81 MP: 8/8
  4961 | D:6      | Found a burning altar of Makhleb.
  5014 | D:6      | Found a glowing golden altar of the Shining One.
  5075 | D:6      | Reached * piety under Hepliaklqana
  5631 | D:7      | Found Xaulod's Assorted Antiques.
  5683 | D:7      | Bought a scroll labelled TARIUP ZODGHUL for 22 gold pieces
  5887 | D:7      | Reached ** piety under Hepliaklqana
  5888 | D:7      | Remembered your ancestor Xochipepe as a hexer
  6110 | D:8      | Noticed Psyche
  6116 | D:8      | Killed Psyche
  6117 | D:8      | Reached XP level 10. HP: 81/81 MP: 9/9
  6470 | D:8      | Found Cheibriados's Comfort Zone.
  6473 | D:8      | Found a snail-covered altar of Cheibriados.
  6689 | D:8      | Reached skill level 10 in Fighting
  6689 | D:8      | Reached skill level 10 in Armour
  6979 | D:9      | Noticed a two-headed ogre
  6986 | D:9      | Killed a two-headed ogre
  6987 | D:9      | Reached skill level 10 in Axes
  6987 | D:9      | Reached skill level 5 in Throwing
  7173 | D:9      | Identified the +9 rapier of Cixonaqi {protect, rF+ rC+
                  | Dex+3 SInv}
  7323 | D:9      | Identified the +0 leather armour of the Hart {rC+ Dex+3
                  | SInv}
  7371 | D:9      | Found a broken altar of Ashenzari.
  7472 | D:9      | Noticed a two-headed ogre
  7479 | D:9      | Killed a two-headed ogre
  7529 | D:9      | Reached *** piety under Hepliaklqana
  7770 | D:10     | Entered Level 10 of the Dungeon
  7868 | D:10     | Reached XP level 11. HP: 88/90 MP: 10/10
  7912 | D:10     | Paralysed by a hornet for 1 turns
  7996 | D:10     | Noticed a sun demon
  8058 | D:10     | Reached skill level 1 in Evocations
  8212 | D:10     | Noticed a two-headed ogre
  8221 | D:10     | Killed a two-headed ogre
  8331 | D:10     | Found Rupsenaw's General Store.
  8336 | D:10     | Bought a scroll of identify for 28 gold pieces
  8336 | D:10     | Bought a scroll of enchant armour for 105 gold pieces
  8535 | D:11     | Noticed a two-headed ogre
  8541 | D:11     | Killed a two-headed ogre
  8726 | D:11     | Noticed a two-headed ogre
  8793 | D:10     | Killed a two-headed ogre
  9113 | D:11     | Reached **** piety under Hepliaklqana
  9515 | D:11     | Reached skill level 1 in Invocations
  9553 | D:11     | Found a staircase to the Lair.
  9784 | Lair:1   | Entered Level 1 of the Lair of Beasts
  9826 | Lair:1   | Noticed Urug
  9833 | Lair:1   | Killed Urug
  9998 | Lair:1   | Reached XP level 12. HP: 101/101 MP: 12/12
 10328 | Lair:1   | Reached skill level 5 in Evocations
 10354 | Lair:1   | Noticed Gastronok
 10563 | Lair:1   | Noticed Amaemon
 10743 | Lair:1   | Killed Amaemon
 10955 | Lair:1   | Found a runed translucent gate.
 10956 | Lair:1   | Found a runed translucent gate.
 10957 | Lair:1   | Found a runed translucent gate.
 10958 | Lair:1   | Noticed niangp's ghost (journeyman MiBe)
 10958 | Lair:1   | Noticed Hi5aMiFi's ghost (novice HOAr)
 11259 | Lair:2   | Found a staircase to the Shoals.
 11354 | Lair:2   | Reached skill level 5 in Invocations
 11668 | Lair:2   | Found a hole to the Spider Nest.
 11815 | Lair:2   | Reached XP level 13. HP: 88/110 MP: 16/16
 12715 | Lair:3   | Reached ***** piety under Hepliaklqana
 12827 | Lair:3   | Found a runed translucent door.
 12828 | Lair:3   | Noticed Akyarph's ghost (journeyman DsGl)
 13128 | Lair:3   | Killed Akyarph's ghost
 13336 | Lair:4   | Found a runed translucent door.
 13343 | Lair:4   | Noticed an acid blob
 13343 | Lair:4   | Noticed an acid blob
 13348 | Lair:4   | Found a staircase to the Slime Pits.
 13348 | Lair:4   | Noticed an acid blob
 13686 | Lair:4   | Killed an acid blob
 13996 | Lair:4   | Killed an acid blob
 14744 | Lair:4   | Killed an acid blob
 15062 | Lair:5   | Entered Level 5 of the Lair of Beasts
 15401 | Lair:5   | Reached skill level 15 in Fighting
 15878 | Lair:5   | Reached XP level 14. HP: 103/121 MP: 17/17
 15961 | Lair:5   | Reached skill level 15 in Axes
 17042 | Lair:1   | Killed Gastronok
 17349 | Lair:1   | Killed niangp's ghost
 17480 | Lair:1   | Identified the +3 rapier of the Hundredfold Ears {drain,
                  | rElec rCorr}
 17686 | D:12     | Found a staircase to the Orcish Mines.
 18620 | Orc:1    | Entered Level 1 of the Orcish Mines
 18624 | Orc:1    | Reached skill level 10 in Throwing
 18631 | Orc:1    | Noticed an orc warlord
 18643 | D:12     | Mangled by an orc knight

Illustrated notes

Levels and vault maps discovered:
D:1:      dpeg_arrival_lava_temple_mockup, layout_basic,
          chequers_serial_rivers_micro_c, minmay_misc_feat_nine_boxes,
          minmay_tromino_v2
D:2:      layout_basic, serial_shops, nicolae_shop_crystal
D:3:      layout_rooms, serial_shops, shop, nicolae_shop_stone, shop, shop,
          minmay_misc_feat_secret_circle
D:4:      layout_basic, general_overflow_altar, minmay_temple_entry_waves,
          portal_sewer_entry_e, mrwooster_statue_mirror,
          kennysheep_generic_room_2, uniq_duvessa
D:5:      layout_rooms, minmay_starry_boxes
D:6:      layout_basic, mainiacjoe_overflow_two_lobes, minmay_ruined_shrine,
          uniq_menkaure
D:7:      layout_loops_ring, serial_shops, shop, st_stairs_4
D:8:      layout_basic, minmay_shop_chei, hangedman_misty_isle, uniq_psyche
D:9:      layout_irregular_city, mainiacjoe_overflow_alcove_4
D:10:     layout_roguey, serial_shops, shop
D:11:     layout_basic, erik_lair_dragon, kennysheep_small_square
D:12:     layout_loops_ring, minmay_orc_entry_temple_small, nicolae_tricolors
Temple:   eino_narrow_crystal_temple
Lair:1:   layout_long_grid, gammafunk_ghost_cemetery, uniq_amaemon, uniq_urug,
          uniq_gastronok
Lair:2:   layout_loops_ring, elwin_shoals_entry_rocks, spider_nest_entry_a,
          grunt_megastairs_3, infiniplex_staircase_pool_2
Lair:3:   layout_roguey, ebering_ghost_inner_flame, serial_bayou_shore_b,
          infiniplex_staircase_pool
Lair:4:   minmay_lair_oklob_chamber, layout_small_grid, slime_entry_2,
          lemuel_fruit_fields, lemuel_fruit_fields, lemuel_fruit_tree
Lair:5:   hangedman_lair_caniforms_friends, layout_gridlike
Orc:1:    layout_caves, basic_altar, dreamdust_deal_with_the_devil,
          mines2_lemuel, uniq_erica

Skill      XL: |  1  2  3  4  5  6  7  8  9 10 11 12 13 14 |
---------------+-------------------------------------------+-----
Shields        | 4 5 7 8 |  8.0
Fighting       | 4 5 6 8 9 10 12 13 15 | 15.7
Armour         | 4 5 6 8 9 10 11 12 13 | 13.5
Axes           | 3 4 5 6 7 9 10 12 13 14 15 | 15.5
Throwing       | 1 2 3 4 5 6 7 9 10 | 10.0
Evocations     | 4 6 |  6.0
Invocations    | 2 5 6 |  6.0

Action                     |  1- 3 |  4- 6 |  7- 9 | 10-12 | 13-15 || total
---------------------------+-------+-------+-------+-------+-------++-------
  Melee: War axe           |    82 |   114 |   249 |   355 |   411 ||  1211
         Headbutt          |     9 |    13 |    41 |    95 |    96 ||   254
  Throw: Dart              |       |     7 |     8 |       |       ||    15
         Boomerang         |       |       |    53 |    90 |    71 ||   214
         Javelin           |       |       |       |     6 |     1 ||     7
 Invoke: Ancestor Life: He |       |       |     1 |       |       ||     1
         Recall Ancestor   |       |       |       |       |     2 ||     2
         Transference      |       |       |       |       |     3 ||     3
  Evoke: Lightning rod     |       |       |       |       |     2 ||     2
    Use: Scroll            |     2 |     6 |     6 |     7 |     5 ||    26
   Stab: Confused          |       |       |       |     5 |     8 ||    13
         Distracted        |       |       |       |     3 |     4 ||     7
 Armour: Scale mail        |    58 |       |       |       |       ||    58
         Chain mail        |     3 |    97 |     8 |       |       ||   108
         Plate armour      |       |       |   202 |   242 |   332 ||   776
  Dodge: Dodged            |    51 |    70 |   110 |   123 |   147 ||   501
  Block: Buckler           |    23 |    28 |    10 |       |       ||    61
         Kite shield       |       |       |   100 |   153 |   193 ||   446

Table legend: (Time is in decaauts)
 A = Elapsed time spent in this place.
 B = Non-inter-level travel time spent in this place.
 C = Inter-level travel time spent in this place.
 D = Time resting spent in this place.
 E = Time spent auto-exploring this place.
 F = Levels seen in this place.
 G = Mean time per level.
                   A        B        C        D        E       F      G
               +--------+--------+--------+--------+--------+-----+--------+
         Total |  18783 |  17927 |    856 |   2989 |   9007 |  20 |  939.2 |
       Dungeon |  10980 |  10426 |    554 |   1212 |   5926 |  12 |  915.0 |
        Temple |     28 |     28 |      0 |      0 |      0 |   1 |   28.0 |
          Lair |   7612 |   7311 |    301 |   1777 |   2968 |   5 | 1522.4 |
  Orcish Mines |     11 |     11 |      0 |      0 |      0 |   1 |   11.0 |
         Sewer |    150 |    150 |      0 |      0 |    113 |   1 |  150.0 |
               +--------+--------+--------+--------+--------+-----+--------+

Top non-repeatable levels by time:
  Lair:1: 1847 daAuts
  Lair:5: 1838 daAuts
  Lair:4: 1712 daAuts
    D:11: 1364 daAuts
     D:6: 1136 daAuts
  Lair:3: 1115 daAuts
  Lair:2: 1097 daAuts
     D:4: 1067 daAuts
     D:5: 1050 daAuts
    D:12: 945 daAuts
    D:10: 926 daAuts
     D:7: 888 daAuts
     D:8: 846 daAuts
     D:9: 840 daAuts
     D:1: 814 daAuts
